 Dungeon Crawl Stone Soup version 0.31-a0-1172-g9944ec47dd (webtiles) character file.

Game seed: 13933970006417979996

4348 backslashecho the Mimic (level 10, 0/90 HPs)
             Began as a Meteoran Shapeshifter on Dec 10, 2023.
             Was a Believer of Trog.
             Slain by a komodo dragon (16 damage)
             ... on level 10 of the Dungeon.
             The game lasted 00:23:41 (4325 turns).

backslashecho the Mimic (Meteoran Shapeshifter)     Turns: 4325, Time: 00:23:42

Health: 0/90       AC: 10    Str: 15    XL:     10   Next: 90%
Magic:  11/11      EV: 17    Int: 13    God:    Trog [**....]
Gold:   279        SH:  0    Dex: 18    Spells: 9/9 levels left

rFire   . .          .
                       - Unarmed
rCold   . . .        (shield currently unavailable)
rNeg    . . .        a - melded +0 animal skin
rPois   .            D - +2 hat {Stlth+}
rElec   +            v - +2 cloak
rCorr   .            x - +0 pair of gloves of Demons {rElec}
SInv    .            (no boots)
Will    +....        (no amulet)
Stlth   +            u - +4 ring of protection
HPRegen 0.35/turn    (no ring)
MPRegen 0.12/turn

%: no passive effects
@: lethally poisoned (0 -> -2), flux-form, glowing
A: glow, contaminating, sense surroundings 2, otherworldly, glowing, explore
regen
a: Begin Untransformation, Renounce Religion, Berserk, Trog's Hand


You were on level 10 of the Dungeon.
You worshipped Trog.
Trog was pleased with you.
You were something dangerously unstable.
You visited 2 branches of the dungeon, and saw 11 of its levels.

You collected 469 gold pieces.
You spent 190 gold pieces at shops.

Inventory:

Missiles
 z - a throwing net
 A - 2 poisoned darts
Armour
 a - a +0 animal skin (melded)
 v - a +2 cloak (worn)
 x - the +0 pair of gloves of Demons (worn) {rElec}
   (You bought it in a shop on level 8 of the Dungeon)

   rElec:     It insulates you from electricity.
 D - a +2 hat of stealth (worn)
Jewellery
 e - a ring of ice
 u - a +4 ring of protection (left hand)
Talismans
 c - a beast talisman
 d - a flux talisman (active)
Wands
 h - a wand of polymorph (3)
 B - a wand of flame (8)
Scrolls
 f - a scroll of blinking
 g - 2 scrolls of fog
 k - a scroll of immolation {unknown}
 l - 3 scrolls of teleportation
 m - a scroll of revelation {unknown}
 n - a scroll of enchant armour
 o - a scroll of torment {unknown}
 p - a scroll of acquirement {unknown}
 q - a scroll of vulnerability
 s - a scroll of fear {unknown}
 w - a scroll of silence {unknown}
 y - a scroll of noise {unknown}
Potions
 b - a potion of mutation
 i - a potion of magic
 r - a potion of curing
 t - a potion of attraction
 C - a potion of haste


   Skills:
 + Level 8.8 Fighting
 - Level 3.0 Dodging
 - Level 5.4 Unarmed Combat
 * Level 13.3 Shapeshifting


You had 9 spell levels left.
You didn't know any spells.
Your spell library was empty.

Dungeon Overview and Level Annotations

Branches:
Dungeon (10/15) Zot: 1734  Temple (1/1) D:4 Zot: 589    Lair (0/5) D:8
    Orc: D:9-12

Altars:
Ashenzari
Cheibriados
Dithmenos
Elyvilon
Fedhas
Gozag
Hepliaklqana
Kikubaaqudgha
Makhleb
Nemelex Xobeh
Okawaru
Qazlal
Ru
Trog
Vehumet
Wu Jian
Yredelemnul

Shops:
D:7 [   D:8 *   D:9 (

Annotations:
D:3 Sigmund
D:5 3 runed translucent doors, bmb222's ghost, weakling DsDe
D:9 Erica


Innate Abilities, Weirdness & Mutations

You are something dangerously unstable.
You glow with magical radiation, making you easy to see and hit.
Foes you strike become dangerously contaminated with magical radiation.
You are incapable of wielding weapons or throwing items.
You passively map the area around you.
You are easily found by Zot.
You glow in the dark.
You regain HP and MP as you explore.


Message History

Aiming: Polymorph
Press: ? - help, Shift-Dir - straight line, f - Erica
Aim: Erica, wielding a +2 scimitar of flaming and wearing a ring of willpower (will become an elephant, a queen bee, or a moth of wrath, chance to affect: 1%)
Okay, then.
Press: ? - help, v - describe, . - travel
Here: Erica, wielding a +2 scimitar of flaming and wearing a ring of willpower The floor.
Press: ? - help, v - describe, . - travel
Here: Erica, wielding a +2 scimitar of flaming and wearing a ring of willpower The floor.
Unknown command.
Okay, then.
Unknown command.
Found a stone staircase leading down.
You regained 2 hp, and now have 50/90 hp.
You regained 3 hp, and now have 53/90 hp.
Erica casts a spell at you. The bolt of poison hits you!!
You are poisoned.
There is a stone staircase leading down here.
You take 24 damage, and have 30/90 hp.
MASSIVE DAMAGE!!
You feel very sick.
You climb downwards.
You feel sick.
Found a scroll labelled PAET ELIEQA and 4 stones.
There is a stone staircase leading up here.
You regained 10 hp, and now have 40/90 hp.
Aiming: Polymorph
Press: ? - help, Shift-Dir - straight line, f - komodo dragon
Aim: a komodo dragon (asleep, will become a glass eye, a rime drake, or a wind drake, chance to affect: 31%)
Okay, then.
Unknown command.
Unknown command.
You feel sick.
The komodo dragon hisses angrily.
You hit the komodo dragon.
The komodo dragon begins to glow.
The komodo dragon is lightly wounded.
You feel sick.
You hit the komodo dragon.
The komodo dragon glows dangerously bright.
The komodo dragon is lightly wounded.
You feel sick. The komodo dragon bites you!!
* * * LOW HITPOINT WARNING * * *
You take 23 damage, and have 17/90 hp.
MASSIVE DAMAGE!!
You are too injured to fight recklessly!
You hit the komodo dragon.
The komodo dragon shudders as magic cascades through it!
The komodo dragon twists and deforms.
The komodo dragon is heavily wounded.
You feel sick. The komodo dragon bites you!
You die...

⌠ +.# * ,,
#.##### ,
, #.....,
,,, ,
##.... ,*
, ,
,#...., *
, * **
##.(. *,,
#...# * ,
, , #?.<#
* ,, ,
#.p.#,* *
~ **
,#l..#,* *
~~ .......
~ *
,####.####
..# *~ ~ ,
*### , , ,
* * **, ,
, , , ** *
,* **,


You could see a komodo dragon (misshapen).

Vanquished Creatures
  Gastronok (D:9)
  A two-headed ogre (D:8)
  An acid dragon (D:8)
  2 water moccasins
  Duvessa (D:5)
  An orc warrior (D:6)
  2 sky beasts
  An ogre (D:5)
  2 centaurs
  A phantom (D:5)
  2 bullfrogs
  2 scorpions
  Dowan (D:5)
  3 wights (D:6)
  13 killer bees
  A jelly (D:6)
  2 gnoll boudas
  4 hounds
  4 iguanas
  5 orc wizards
  A mummy (D:8)
  6 gnolls
  8 adders
  4 ufetubi
  A worm (D:2)
  23 orcs
  3 ball pythons
  5 bats
  5 endoplasms
  2 giant cockroaches
  3 goblins (D:2)
  3 hobgoblins
  2 jackals (D:4)
  3 quokkas
  2 frilled lizards (D:3)
  8 kobolds
  5 rats
134 creatures vanquished.

Notes
Turn   | Place    | Note
-------+----------+-------------------------------------------
     0 | D:1      | backslashecho the Meteoran Shapeshifter began the quest for
                  | the Orb.
     0 | D:1      | Reached XP level 1. HP: 16/16 MP: 2/2
   111 | D:1      | Reached XP level 2. HP: 23/23 MP: 3/3
   334 | D:1      | Reached skill level 4 in Shapeshifting
   378 | D:2      | Reached XP level 3. HP: 11/29 MP: 4/4
   526 | D:2      | Reached XP level 4. HP: 34/36 MP: 5/5
   798 | D:3      | Noticed Sigmund
   902 | D:3      | Identified the staff of Patience {*Slow rF++ rC+ Tmut Ice
                  | Earth}
  1066 | D:3      | Reached XP level 5. HP: 18/41 MP: 6/6
  1141 | D:4      | Found a staircase to the Ecumenical Temple.
  1155 | Temple   | Entered the Ecumenical Temple
  1160 | Temple   | Became a worshipper of Trog the Wrathful
  1230 | D:4      | Reached skill level 5 in Shapeshifting
  1257 | D:4      | Noticed a sky beast
  1270 | D:4      | Killed a sky beast
  1271 | D:4      | Reached skill level 5 in Unarmed Combat
  1271 | D:4      | Reached XP level 6. HP: 48/48 MP: 7/7
  1427 | D:4      | Reached skill level 6 in Shapeshifting
  1483 | D:4      | Reached XP level 7. HP: 55/55 MP: 8/8
  1630 | D:5      | Entered Level 5 of the Dungeon
  1665 | D:5      | Found a runed translucent gate.
  1665 | D:5      | Noticed a shadow
  1666 | D:5      | Found a runed translucent gate.
  1667 | D:5      | Found a runed translucent gate.
  1671 | D:5      | Noticed bmb222's ghost (weakling DsDe)
  1704 | D:5      | Reached skill level 7 in Shapeshifting
  1821 | D:5      | Noticed Duvessa
  1821 | D:5      | Noticed Dowan
  1834 | D:5      | Killed Dowan
  1835 | D:5      | Reached XP level 8. HP: 25/56 MP: 9/9
  1841 | D:5      | Killed Duvessa
  1927 | D:5      | Reached skill level 8 in Shapeshifting
  2077 | D:6      | Reached * piety under Trog
  2109 | D:6      | Found an opulent altar of Gozag.
  2134 | D:6      | Found a broken altar of Ashenzari.
  2194 | D:6      | Reached skill level 5 in Fighting
  2194 | D:6      | Reached skill level 9 in Shapeshifting
  2210 | D:6      | Gained mutation: You passively map the area around you.
                  | [Meteoran growth]
  2210 | D:6      | Reached XP level 9. HP: 59/74 MP: 10/10
  2506 | D:6      | Found a white marble altar of Elyvilon.
  2587 | D:6      | Reached skill level 10 in Shapeshifting
  3052 | D:7      | Found Sukegg's Antique Armour Shop.
  3194 | D:8      | Found a radiant altar of Vehumet.
  3503 | D:8      | Found Qaile's Assorted Antiques.
  3542 | D:7      | HP: 1/78 [killer bee (6)]
  3691 | D:8      | Bought a pair of ichor-stained gloves for 190 gold pieces
  3691 | D:8      | Identified the +0 pair of gloves of Demons {rElec} (You
                  | bought it in a shop on level 8 of the Dungeon)
  3721 | D:8      | Reached ** piety under Trog
  3750 | D:8      | Reached skill level 11 in Shapeshifting
  3780 | D:8      | Noticed a two-headed ogre
  3796 | D:8      | Killed a two-headed ogre
  3797 | D:8      | Reached XP level 10. HP: 66/86 MP: 11/11
  3853 | D:8      | Found a staircase to the Lair.
  3870 | D:8      | Found a snail-covered altar of Cheibriados.
  4002 | D:9      | Reached skill level 12 in Shapeshifting
  4230 | D:9      | Found Magent's Weapon Emporium.
  4245 | D:9      | Noticed Gastronok
  4266 | D:9      | Killed Gastronok
  4267 | D:9      | Reached skill level 13 in Shapeshifting
  4312 | D:9      | Noticed Erica
  4321 | D:10     | Entered Level 10 of the Dungeon
  4321 | D:10     | Noticed a komodo dragon
  4325 | D:10     | Slain by a komodo dragon

Illustrated notes

Levels and vault maps discovered:
D:1:      dpeg_arrival_morbid_curiosity, layout_loops_ring
D:2:      minmay_kobold_bridge, layout_basic
D:3:      layout_loops_corners, nicolae_tso_besieged_by_evil,
          gammafunk_ghost_icy, hex_medium, uniq_sigmund
D:4:      layout_rooms, minmay_temple_entry_water_ring,
          kennysheep_generic_room_14
D:5:      dreamdust_elfheim, layout_gridville, gammafunk_ghost_split,
          minivault_25
D:6:      layout_loops_ring, nicolae_ashenzari_skybound, elyvilon_altar_1,
          nicolae_gozag_cash_rules_everything_around_me
D:7:      layout_loops_cross, serial_shops, shop
D:8:      layout_rooms, nicolae_vehumet_radiance, slow_altar_2,
          lair_entry_dummy, serial_shops, nicolae_shop_getting_attention
D:9:      layout_loops_ring, serial_shops, nicolae_shop_trees, uniq_gastronok,
          uniq_jeremiah, uniq_erica
D:10:     layout_loops_cross, dancing_weapons_uskayaw, zin_scriptorium,
          gammafunk_temple_overflow_pools, orc_0_dummy,
          nicolae_underground_beach
Temple:   nicolae_temple_ecumenical_triangle

Skill      XL: |  1  2  3  4  5  6  7  8  9 10 |
---------------+-------------------------------+-----
Shapeshifting  | 4 5 6 7 9 11 13 | 13.3
Unarmed Combat | 4 5 |  5.4
Fighting       | 2 3 5 7 8 |  8.8
Dodging        | 3 |  3.0

Action                     |  1- 3 |  4- 6 |  7- 9 | 10-12 || total
---------------------------+-------+-------+-------+-------++-------
  Melee: Unarmed           |    65 |   117 |   266 |   104 ||   552
         Punch             |     1 |     6 |       |       ||     7
 Invoke: Berserk           |       |       |     2 |       ||     2
  Evoke: Wand              |       |       |       |     1 ||     1
    Use: Potion            |       |     1 |     5 |       ||     6
         Scroll            |       |       |     6 |     6 ||    12
 Armour: Animal skin       |    26 |    50 |       |       ||    76
         Skin              |       |     8 |   185 |    49 ||   242
  Dodge: Dodged            |    45 |    60 |   288 |   114 ||   507
   Form: Flux              |       |       |     1 |       ||     1

Table legend: (Time is in decaauts)
 A = Elapsed time spent in this place.
 B = Non-inter-level travel time spent in this place.
 C = Inter-level travel time spent in this place.
 D = Time resting spent in this place.
 E = Time spent auto-exploring this place.
 F = Levels seen in this place.
 G = Mean time per level.
                   A        B        C        D        E       F      G
               +--------+--------+--------+--------+--------+-----+--------+
         Total |   4275 |   3948 |    327 |    653 |   1070 |  11 |  388.6 |
       Dungeon |   4265 |   3938 |    327 |    653 |   1070 |  10 |  426.5 |
        Temple |     10 |     10 |      0 |      0 |      0 |   1 |   10.0 |
               +--------+--------+--------+--------+--------+-----+--------+

Top non-repeatable levels by time:
     D:6: 935 daAuts
     D:7: 672 daAuts
     D:2: 502 daAuts
     D:4: 484 daAuts
     D:5: 358 daAuts
     D:9: 346 daAuts
     D:8: 342 daAuts
     D:1: 336 daAuts
     D:3: 281 daAuts
  Temple: 10 daAuts
    D:10: 3 daAuts
